 Dungeon Crawl Stone Soup version 0.16.1-18-g436b03c (webtiles) character file.

19 Leviathan2552 the Caller (level 2, -1/16 HPs)
             Began as a Tengu Summoner on May 2, 2015.
             Slain by a kobold
             ... wielding a +0 short sword
              (6 damage)
             ... on level 2 of the Dungeon.
             The game lasted 00:03:17 (752 turns).

Leviathan2552 the Caller (Tengu Summoner)            Turns: 752, Time: 00:03:17

Health: -1/16      AC:  2    Str:  8    XL:     2   Next: 75%
Magic:  0/5        EV: 12    Int: 15    God:
Gold:   66         SH:  0    Dex: 14    Spells: 2 memorised, 2 levels left

rFire  . . .     SeeInvis .     d - +1 hand axe (flame)
rCold  . . .     Clarity  .     a - +0 robe
rNeg   . . .     SustAb   .     (no shield)
rPois  .         Gourm    .     (helmet restricted)
rElec  .         Spirit   .     (no cloak)
rCorr  .         Warding  .     (no gloves)
rMut   .         Stasis   .     (boots unavailable)
MR     .....                    (no amulet)
Stlth  ++........               (no ring)
                                (no ring)

@: not resistant to hostile enchantments, unstealthy
A: beak, talons 3
a: no special abilities


You were on level 2 of the Dungeon.
You were not hungry.

You visited 1 branch of the dungeon, and saw 2 of its levels.

You collected 66 gold pieces.

Inventory:

Hand weapons
 d - a +1 hand axe of flaming (weapon)
Armour
 a - a +0 robe (worn)
Scrolls
 g - a scroll of teleportation {unknown}
 k - a scroll of enchant armour {unknown}
Potions
 e - a potion of heal wounds {unknown}
 f - a potion of cancellation {unknown}
 h - a potion of curing {unknown}
 j - a potion of might {unknown}
Books
 b - a book of Callings

   Spells                             Type                      Level
   a - Summon Small Mammal            Summoning                    1
   b - Call Imp                       Summoning                    2
   c - Call Canine Familiar           Summoning                    3
   d - Summon Guardian Golem          Hexes/Summoning              4
   e - Summon Lightning Spire         Summoning/Air                4
   f - Summon Ice Beast               Ice/Summoning                4
Comestibles
 c - a bread ration
 i - a chunk of flesh


   Skills:
 * Level 0.4 Fighting
 * Level 0.7 Axes
 + Level 2.2 Dodging
 + Level 2.0 Stealth
 + Level 2.0 Spellcasting
 * Level 5.4 Summonings


You had 2 spell levels left.
You knew the following spells:

 Your Spells              Type           Power        Failure   Level  Hunger
a - Summon Small Mammal   Summ           ###.         2%          1    #......
b - Call Imp              Summ           ###.....     4%          2    ###....


Dungeon Overview and Level Annotations

Branches:
Dungeon (2/15)

Altars:
Dithmenos
Kikubaaqudgha
Vehumet
Xom


Innate Abilities, Weirdness & Mutations

You have a beak for a mouth.
You have claws for feet.


Message History

Aim: a kobold, wielding a short sword Attack!
Your crimson imp blinks!
The kobold barely misses you.
Some of the chunks of flesh in your inventory have rotted away.
You hit the hobgoblin. You burn the hobgoblin. Your kick misses the hobgoblin.
The hobgoblin is heavily wounded.
You hit the kobold but do no damage.
Your iron imp misses the hobgoblin.
The kobold closely misses you. The hobgoblin closely misses you.
You hit the hobgoblin. You burn the hobgoblin.
You kill the hobgoblin!
You hit the kobold. You burn the kobold.
The kobold is almost dead.
The kobold hits you but does no damage.
Your crimson imp blinks!
Casting: Call Imp
Confirm with . or Enter, or press ? or * to list all spells.
A beastly little devil appears in a puff of frigid air.
The kobold hits you with a short sword.
You die...

# #. #. #. #. #.
######. ........##
#....K†@###
#._..5_5K.#
..................
(...⌠....#####...
.........#
._..._.## .......
...##. #. .


You could see 2 kobolds, a friendly iron imp and a friendly white imp.

Vanquished Creatures
  3 bats (D:1)
  2 giant cockroaches
  4 goblins (D:1)
  A hobgoblin (D:2)
  4 kobolds
  A giant newt (D:1)
15 creatures vanquished.

Vanquished Creatures (collateral kills)
  A kobold (D:1)
  A giant newt (D:1)
  A rat (D:1)
3 creatures vanquished.

Grand Total: 18 creatures vanquished

Notes
Turn   | Place    | Note
--------------------------------------------------------------
     0 | D:1      | Leviathan2552, the Tengu Summoner, began the quest for the Orb.
     0 | D:1      | Reached XP level 1. HP: 10/10 MP: 3/3
   153 | D:1      | Reached skill level 5 in Summonings
   341 | D:1      | Reached XP level 2. HP: 7/15 MP: 5/5
   352 | D:1      | Learned a level 2 spell: Call Imp
   739 | D:2      | Found a shimmering altar of Xom.
   739 | D:2      | Found a radiant altar of Vehumet.
   739 | D:2      | Found a shadowy altar of Dithmenos.
   739 | D:2      | Found an ancient bone altar of Kikubaaqudgha.
   752 | D:2      | Slain by a kobold

Action                   || total
-------------------------++-------
Melee: Hand axe          ||    37
 Cast: Call Imp          ||     5
